AoeStats
← Wejwy

MegaRandom

506062406Analyzed
1v1 RM · 21d ago on Sep 12, 2026· 80m 58s· 2 players
Game mode
Random Map
Map size
Tiny (2 player)
Population
200
Speed
Normal
Resources
Standard
Victory
Conquest
Starting age
Dark Age
Ending age
Imperial Age
RankedLock teamsTeams togetherTeam positionsShared explorationLock speedFull tech treeHidden civsTurbo modeCheats
Victory
Defeat
🇨🇿 Magyars · Czechia
1006
+16
🇧🇬 Goths · Bulgaria
1006
-16
Wejwy
8:40 Loom
15:21 Feudal Age
16:40 Double-Bit Axe
16:51 Horse Collar
21:44 Castle Age
21:43 Scale Mail Armor
21:51 Pikeman
22:52 Chain Mail Armor
22:40 Heavy Plow
23:09 Bow Saw
24:12 Fletching
24:51 Town Watch
25:48 Husbandry
27:37 Wheelbarrow
27:30 Bloodlines
27:23 Gold Mining
30:48 Hand Cart
31:00 Scale Barding Armor
32:57 Chain Barding Armor
32:33 Bodkin Arrow
34:22 Town Patrol
38:12 Imperial Age
38:17 Stone Mining
42:27 Two-Man Saw
41:00 Cavalier
45:51 Crop Rotation
46:21 Halberdier
47:38 Plate Barding Armor
47:04 Bracer
47:47 Conscription
48:26 Paladin
50:02 Padded Archer Armor
54:56 Corvinian Army
54:20 Elite Magyar Huszar
65:01 Light Cavalry
67:08 Elite Skirmisher
67:54 Thumb Ring
69:46 Ballistics
72:06 Chemistry
72:58 Leather Archer Armor
73:23 Arson
78:36 Capped Ram
Microsoft Edge
3:06 Loom
14:14 Feudal Age
15:17 Double-Bit Axe
19:46 Castle Age
21:42 Wheelbarrow
21:14 Husbandry
21:25 Bloodlines
25:05 Scale Barding Armor
25:11 Forging
24:54 Fletching
25:46 Fishing Lines
26:24 Town Watch
28:01 Hand Cart
31:08 Chain Barding Armor
31:23 Iron Casting
31:30 Gold Mining
32:19 Fervor
33:44 Bodkin Arrow
35:12 Ballistics
34:48 Murder Holes
36:42 Squires
36:47 Gillnets
41:07 Masonry
43:37 Medium Warships
46:31 Imperial Age
45:47 Town Patrol
51:08 Imperial Age
50:46 Anarchy
52:47 Conscription
53:52 Blast Furnace
52:53 Scale Mail Armor
55:37 Chemistry
56:03 Stone Mining
56:13 Horse Collar
57:04 Pikeman
58:09 Chain Mail Armor
60:29 Architecture
59:46 Halberdier
72:11 Cavalier
77:21 Light Cavalry
80:21 Bow Saw
Connection lost

Rejoining the realm…

Still unreachable

The connection could not be restored.

Session expired

The server has moved on; the page needs a fresh start.